 Dungeon Crawl Stone Soup version 0.27-a0-1290-g15d3ce7508 (webtiles) character file.

Game seed: 11035790270986210304

1414 Glokmah the Magician (level 9, -2/64 HPs)
             Began as a Djinni Summoner on June 15, 2021.
             Was a Follower of Cheibriados.
             Slain by a wraith (8 damage)
             ... on level 6 of the Dungeon.
             The game lasted 00:18:01 (9343 turns).

Glokmah the Magician (Djinni Summoner)              Turns: 9343, Time: 00:18:01

Health: -2/64      AC:  4    Str: 12    XL:     9   Next: 2%
Gold:   310        EV: 17    Int: 19    God:    Cheibriados [*.....] SH:  0 Dex: 16

rFire    + + .     SeeInvis +   a - +0 trident
rCold    x . .     Faith    .   (no shield)
rNeg     . . .     Spirit   .   B - +1 robe
rPois    ∞         Reflect  .   i - +0 helmet
rElec    .         Harm     .   n - scarf {+Inv}
rCorr    .         Rampage  .   (no gloves)
Will     .....                  (boots unavailable)
Stlth    ++........             (no amulet)
HPRegen  0.20/turn              h - +4 ring of evasion
MPRegen  0.00/turn              v - ring of see invisible

@: flying, very slightly contaminated, very slow
A: sickness immunity, fire resistance 2, cold vulnerability 1, float, innate
caster, hp casting, extra vitality 1
a: Renounce Religion, Evoke Invisibility, Bend Time


You were on level 6 of the Dungeon.
You worshipped Cheibriados.
Cheibriados was aware of your devotion.
You visited 2 branches of the dungeon, and saw 7 of its levels.
You also visited: Sewer.

You collected 310 gold pieces.

Inventory:

Hand Weapons
 a - a +0 trident (weapon)
Missiles
 c - 163 stones
 j - a throwing net
 l - 12 boomerangs
 w - a curare-tipped dart
Armour
 i - a +0 helmet (worn)
 n - a scarf of invisibility (worn)
 q - a +0 leather armour
 B - a +1 robe (worn)
Magical Staves
 y - a staff of air
 z - a staff of conjuration
Jewellery
 e - a ring of protection from cold
 h - a +4 ring of evasion (left hand)
 s - a ring of positive energy
 t - a ring of willpower
 v - a ring of see invisible (right hand)
Wands
 d - a wand of flame (13)
Scrolls
 b - a scroll of blinking
 u - a scroll of teleportation
 C - a scroll of fog {unknown}
 D - 2 scrolls of identify
Potions
 f - 5 potions of heal wounds
 g - 2 potions of resistance
 k - 2 potions of mutation
 m - 2 potions of attraction
 o - a potion of haste {unknown}
 p - a potion of might {unknown}
 r - 9 potions of curing
 x - 6 potions of brilliance
 A - a potion of degeneration {unknown}


   Skills:
 * Level 4.9 Fighting
 * Level 3.3 Polearms
 + Level 1.5 Armour
 - Level 4.0 Dodging
 - Level 1.5 Stealth
 * Level 5.1 Spellcasting
 * Level 2.3 Invocations
 * Level 3.7 Evocations


You couldn't memorise any spells.
You knew the following spells:

 Your Spells              Type           Power      Damage    Failure   Level
a - Summon Small Mammal   Summ           96%        N/A       1%          1
b - Call Imp              Summ           24%        N/A       2%          2
c - Call Canine Familiar  Summ           24%        N/A       4%          3
d - Summon Guardian Gole  Hex/Summ       24%        N/A       4%          3
e - Summon Lightning Spi  Summ/Air       24%        N/A       14%         4
f - Summon Ice Beast      Ice/Summ       24%        N/A       14%         4
g - Apportation           Tloc           48%        N/A       1%          1
h - Corpse Rot            Necr/Air       N/A        N/A       2%          2
i - Gell's Gravitas       Tloc           12%        N/A       4%          3
j - Swiftness             Air            24%        N/A       4%          3
Your spell library was empty.

Dungeon Overview and Level Annotations

Branches:
Dungeon (6/15)             Temple (1/1) D:5           Sewer (visited)

Altars:
Ashenzari
Cheibriados
Dithmenos
Gozag
Hepliaklqana
Nemelex Xobeh
Trog
Uskayaw
Vehumet
Wu Jian

Annotations:
D:5 3 runed translucent doors, ubik's ghost, novice SpWr


Innate Abilities, Weirdness & Mutations

You are immune to sickness and miasma.
You are immune to poison.
Your flesh is very heat resistant. (rF++)
You are vulnerable to cold. (rC-)
You float through the air rather than walking.
You learn spells naturally, not from books.
Your magical power is your life essence.
You have superior vitality. (+4 HP)


Message History

Your ice beast completely misses the kobold.
The kobold closely misses your ice beast.
Your ice beast hits the kobold.
The kobold dies!
Cheibriados appreciates the change of pace.
Unknown command.
Casting: Summon Ice Beast (dangerous; 14% risk of failure)
Confirm with . or Enter, or press ? or * to list all spells.
An electric hum fills the air.
* * * LOW HITPOINT WARNING * * *
Your ice beast hits the wraith.
Your ice beast freezes the wraith!
The wraith resists.
The wraith completely misses your ice beast.
What are your orders? t - Shout!
Orders for allies: a - Attack new target. r - Retreat! s - Stop attacking. g - Guard the area. f - Follow me.
Anything else - Cancel.
Gang up on whom?
Press: ? - help, Dir - move target, f - wraith
Aim: a wraith (moderately damaged, ally target) Attack!
Your ice beast hits the wraith but does no damage.
The wraith hits your ice beast.
The wraith drains your ice beast's vigour!
Your ice beast seems to slow down.
Your ice beast hits the wraith but does no damage.
The wraith hits your ice beast. x2
Your ice beast barely misses the wraith.
Send 'em back where they came from!
Your ice beast disappears in a puff of smoke!
Your lightning spire disappears in a puff of smoke!
You feel yourself speed up.
Casting: Summon Lightning Spire (dangerous; 14% risk of failure)
Confirm with . or Enter, or press ? or * to list all spells.
An electric hum fills the air.
* * * LOW HITPOINT WARNING * * *
The wraith hits you!
You die...

### ...
######.###
###........#
#..:8@.# .
#.#.##W#
...###.#.##X#
.........##.#
#.####.)###.# ##
##§###)# ####.
##§X§#..#
....#####.#§#.#.#
##
#..##..§._§§..#


You could see a nameless horror, a wraith (ally target) and a friendly lightning
spire (summoned).

Vanquished Creatures
  An ogre (D:6)
  2 kobold brigands
  A bullfrog (D:6)
  A scorpion (D:6)
  A nameless horror (D:5)
  A howler monkey (D:5)
  An orc priest (D:3)
  A bullfrog skeleton (D:4)
  An iguana (D:4)
  A howler monkey zombie (D:5)
  2 adders
  A river rat (D:5)
  A white imp (D:5)
  A dart slug (D:2)
  3 orcs
  4 endoplasms
  3 giant cockroaches
  3 goblins
  3 hobgoblins
  3 quokkas
  6 ball pythons
  2 bats
  4 frilled lizards
  3 kobolds
  4 rats
54 creatures vanquished.

Vanquished Creatures (collateral kills)
  A two-headed ogre (D:6)
  A sky beast (D:6)
  2 necrophages (D:5)
  A centaur (D:5)
  A phantom (D:4)
  3 kobold brigands (Sewer)
  A water moccasin zombie (D:5)
  2 scorpions
  A nameless horror (D:2)
  2 hounds
  2 orc priests (D:3)
  A hound zombie (D:4)
  Robin (D:3)
  4 gnolls (D:2)
  A river rat (D:5)
  7 adders
  A shadow imp (D:5)
  3 worms
  2 dart slugs
  9 orcs
  A ball python (D:5)
  3 bats
  3 endoplasms
  8 goblins
  4 hobgoblins
  9 jackals
  2 quokkas (D:1)
  5 frilled lizards
  14 kobolds
  5 rats
100 creatures vanquished.

Vanquished Creatures (others)
  An adder (D:3)
  A fungus (Sewer)
  2 plants
4 creatures vanquished.

Grand Total: 158 creatures vanquished

Notes
Turn   | Place    | Note
-------+----------+-------------------------------------------
     0 | D:1      | Glokmah the Djinni Summoner began the quest for the Orb.
     0 | D:1      | Reached XP level 1. HP: 15/15 MP: 0/0
   441 | D:1      | Reached XP level 2. HP: 14/22 MP: 0/0
   728 | D:1      | Reached skill level 1 in Fighting
  1452 | D:2      | Reached XP level 3. HP: 18/27 MP: 0/0
  1452 | D:2      | Learned a level 1 spell: Apportation
  2047 | D:2      | Found a faded altar of an unknown god.
  2179 | D:2      | Reached XP level 4. HP: 26/33 MP: 0/0
  2925 | D:2      | Noticed a nameless horror
  2932 | D:2      | Killed a nameless horror
  3817 | D:3      | Reached XP level 5. HP: 12/38 MP: 0/0
  3817 | D:3      | Learned a level 2 spell: Corpse Rot
  3840 | D:3      | Reached skill level 4 in Spellcasting
  4380 | D:3      | Noticed Robin
  4392 | D:3      | Killed Robin
  4619 | D:3      | Reached skill level 1 in Polearms
  4839 | D:4      | Identified a scroll of acquirement
  4839 | D:4      | Acquired a scarf of invisibility
  4851 | D:4      | You are sucked into a shaft and drop 1 floor!
  4851 | D:5      | Entered Level 5 of the Dungeon
  4866 | D:5      | Reached XP level 6. HP: 21/46 MP: 0/0
  5335 | D:5      | Reached skill level 1 in Evocations
  5338 | D:5      | Found a glowing drain.
  5349 | Sewer    | Entered a sewer
  5627 | Sewer    | Reached XP level 7. HP: 40/50 MP: 0/0
  5627 | Sewer    | Learned a level 3 spell: Gell's Gravitas
  6275 | D:5      | Found a staircase to the Ecumenical Temple.
  6302 | Temple   | Entered the Ecumenical Temple
  6687 | Temple   | Became a worshipper of Cheibriados the Contemplative
  6746 | D:5      | Found a runed translucent gate.
  6747 | D:5      | Found a runed translucent gate.
  6748 | D:5      | Found a runed translucent gate.
  6749 | D:5      | Noticed ubik's ghost (novice SpWr)
  6751 | D:5      | Noticed a wraith
  7413 | D:4      | Reached XP level 8. HP: 25/58 MP: 0/0
  8818 | D:6      | Reached skill level 1 in Invocations
  8930 | D:6      | Reached * piety under Cheibriados
  9211 | D:6      | Noticed a two-headed ogre
  9225 | D:6      | Killed a two-headed ogre
  9226 | D:6      | Reached skill level 1 in Armour
  9226 | D:6      | Reached skill level 5 in Spellcasting
  9302 | D:6      | Found a shadowy altar of Dithmenos.
  9316 | D:6      | Noticed a nameless horror
  9319 | D:6      | Noticed a wraith
  9322 | D:6      | Reached XP level 9. HP: 41/64 MP: 0/0
  9322 | D:6      | Learned a level 3 spell: Swiftness
  9343 | D:6      | Slain by a wraith

Illustrated notes

Levels and vault maps discovered:
D:1:      tarquinn_simple_flora_water_f, layout_rooms
D:2:      layout_basic, ebering_ecumenical_altar_hall
D:3:      layout_basic, serial_corexii_hall, corexii_hall_statues_x,
          corexii_hall_statues_i, corexii_hall_statues_i,
          corexii_hall_statues_x, grunt_decor_arrowhead,
          kennysheep_pointless_box, uniq_robin
D:4:      layout_loops_ring
D:5:      layout_loops_ring, minmay_temple_entry_tees,
          cheibrodos_sewer_entry_sluice, gammafunk_ghost_split,
          amcnicky_mini_pool_medium
D:6:      layout_loops_cross, nicolae_ru_the_path_less_chosen,
          grunt_dithmenos_smoke_and_mirrors, corexii_hall_statues_t,
          minmay_misc_feat_tower, kb_rosetta, uniq_blork_the_orc
Temple:   compressed_dpeg_triangle_lava_temple

Skill      XL: |  1  2  3  4  5  6  7  8 |
---------------+-------------------------+-----
Fighting       | 1 2 3 4 |  4.9
Dodging        | 3 4 |  4.0
Spellcasting   | 4 5 |  5.1
Polearms       | 1 2 3 |  3.3
Evocations     | 1 2 3 |  3.7
Invocations    | 2 |  2.3
Armour         | 1 |  1.5
Stealth        | |  1.5

Action                   |  1- 3 |  4- 6 |  7- 9 || total
-------------------------+-------+-------+-------++-------
Melee: Unarmed           |     6 |       |       ||     6
       Club              |    22 |       |       ||    22
       Spear             |    25 |   168 |    73 ||   266
       Trident           |       |       |    75 ||    75
 Cast: Summon Small Mamm |    24 |       |       ||    24
       Call Imp          |    15 |    24 |     1 ||    40
       Call Canine Famil |     2 |    12 |    21 ||    35
       Apportation       |     1 |       |       ||     1
       Summon Lightning  |       |     7 |    13 ||    20
       Summon Guardian G |       |     3 |     2 ||     5
       Summon Ice Beast  |       |     1 |     7 ||     8
       Corpse Rot        |       |     1 |       ||     1
  Use: Scroll            |       |     7 |     4 ||    11
       Potion            |       |     2 |     1 ||     3
 Stab: Sleeping          |     3 |     3 |     2 ||     8
       Distracted        |       |     1 |     4 ||     5
Armor: Robe              |    11 |    15 |    14 ||    40
Dodge: Dodged            |    41 |   153 |   140 ||   334

Table legend: (Time is in decaauts)
 A = Elapsed time spent in this place.
 B = Non-inter-level travel time spent in this place.
 C = Inter-level travel time spent in this place.
 D = Time resting spent in this place.
 E = Time spent auto-exploring this place.
 F = Levels seen in this place.
 G = Mean time per level.
                   A        B        C        D        E       F      G
               +--------+--------+--------+--------+--------+-----+--------+
         Total |   9897 |   9460 |    437 |   1053 |   6671 |   8 | 1237.1 |
       Dungeon |   8809 |   8383 |    426 |    901 |   5946 |   6 | 1468.2 |
        Temple |    394 |    383 |     11 |      0 |    347 |   1 |  394.0 |
         Sewer |    693 |    693 |      0 |    152 |    378 |   1 |  693.0 |
               +--------+--------+--------+--------+--------+-----+--------+

Top non-repeatable levels by time:
     D:5: 2000 daAuts
     D:3: 1822 daAuts
     D:2: 1620 daAuts
     D:1: 1391 daAuts
     D:4: 1244 daAuts
     D:6: 730 daAuts
   Sewer: 693 daAuts
  Temple: 394 daAuts
